 Dungeon Crawl Stone Soup version 0.12-a0-1110-gca9018d (console) character file.

876 vogonpoet the Chopper (level 7, -3/51 HPs)
             Began as a Minotaur Wanderer on Nov 18, 2012.
             Killed by divine providence
             ... invoked by an orc priest
              (11 damage)
             ... on Level 4 of the Dungeon.
             The game lasted 00:13:48 (3668 turns).

vogonpoet the Chopper (Minotaur Wanderer)           Turns: 3668, Time: 00:13:48

HP  -3/51        AC  9     Str 17      XL: 7   Next: 34%
MP   3/3         EV  7     Int 14      God:
Gold 197         SH  0     Dex  6      Spells:  0 memorised,  6 levels left

Res.Fire  : . . .   See Invis. : .   s - +1,+0 lajatang (vamp)
Res.Cold  : . . .   Warding    : .   h - +0 chain mail
Life Prot.: . . .   Conserve   : .   (no shield)
Res.Poison: .       Res.Corr.  : .   (helmet restricted)
Res.Elec. : .       Clarity    : .   (no cloak)
Sust.Abil.: . .     Spirit.Shd : .   L - +0 pair of elf gloves
Res.Mut.  : .       Stasis     : .   (no boots)
Res.Rott. : .       Ctrl.Telep.: .   (no amulet)
Saprovore : . . .   Flight     : .   (no ring)
                                     (no ring)

@: slightly resistant to hostile enchantments, extremely unstealthy
A: retaliatory headbutt, horns 2
a: no special abilities


You were on level 4 of the Dungeon.
You were hungry.

You visited 1 branch of the dungeon, and saw 4 of its levels.

You collected 147 gold pieces.

Inventory:

Hand weapons
 a - a +1,+2 hand axe {=f}
 s - a +1,+0 vampiric lajatang (weapon)
 y - a +1,+2 whip of reaching
 E - a +1,+0 hand axe of returning
 J - a +0,+0 dagger (quivered)
Missiles
 m - 26 sling bullets
 u - 9 darts
 N - 3 curare-tipped needles
Armour
 b - a +0 robe
 e - a +0 ring mail
 h - a +0 chain mail (worn)
 L - a +0 pair of elven gloves (worn)
Magical devices
 K - a wand of confusion (7) {unknown}
Comestibles
 d - 2 bread rations
 C - a meat ration
 M - 3 rotting chunks of hobgoblin flesh
Scrolls
 f - 3 scrolls of recharging {unknown}
 i - 3 scrolls of teleportation
 j - 4 scrolls of identify {unknown}
 k - 6 scrolls of remove curse {unknown}
 l - a scroll of fear {unknown}
 o - a scroll of enchant armour {unknown}
 q - a scroll of random uselessness {unknown}
 t - 2 scrolls of curse jewellery {unknown}
 B - a scroll of blinking {unknown}
 F - a scroll of curse weapon {unknown}
 H - a scroll of enchant weapon II {unknown}
Jewellery
 c - a +1 ring of evasion {unknown}
 x - an uncursed ring of see invisible {unknown}
Potions
 g - a potion of restore abilities {unknown}
 n - a potion of speed {unknown}
 p - a potion of magic {unknown}
 r - a potion of resistance {unknown}
 v - 4 potions of curing
 w - 2 potions of poison {unknown}
 z - a potion of mutation {unknown}
 A - a potion of slowing {unknown}
 D - a potion of flight {unknown}
 I - a potion of heal wounds {unknown}


   Skills:
 - Level 7.9 Axes
 + Level 5.4 Staves
   Level 2.1 Crossbows
 - Level 1.0 Throwing
 - Level 5.0 Armour
 - Level 1.0 Stabbing


You had 6 spell levels left.
You didn't know any spells.

Dungeon Overview and Level Annotations

Branches:
Dungeon (4/27)
 Temple: D:4-7

Altars:
Nemelex Xobeh
Trog

Annotations
D:2 Terence


Innate Abilities, Weirdness & Mutations

You reflexively headbutt those who attack you in melee.
You have a pair of horns on your head.


Message History

The orc priest invokes the aid of Beogh against you.
Something smites you! The orc hits you but does no damage.
The orc priest hits you but does no damage.
A rat comes into view.
You closely miss the orc priest.
The orc priest hits you with an orcish morningstar.
* * * LOW HITPOINT WARNING * * *
The orc barely misses you.
The orc priest hits you but does no damage.
The rat moves out of view.
Your chain mail prevents you from hitting the orc priest.
The orc priest is heavily wounded.
The orc priest closely misses you.
The orc hits you with a runed orcish war axe.
* * * LOW HITPOINT WARNING * * *
The orc priest becomes somewhat translucent.
The orc priest completely misses you.
The orc priest mumbles some strange prayers to Beogh against you.
Something smites you!
You die...

.#.####.# ##### #....##aH #.
.#...##.# ##...### #. .....##.#
#....### ## .....##.# ###
##.....#### .....##.# #..
##.......# ##.#.##.## #.#
##......' #.#.#...# #.# ###....#
#.#%#...##### #.# ######
##.#.#...#...###@#############.##
...............ooo...........).).
##.#....##......o#############.##
.#.#....#####.._.# #)# .#.#.##.#
##...# #.# .#.#.##.# ###.# #####
#.## )...o.o.# ###.# #...# #.#.
......### #...# ##...# #...
......# #...# #....# #..)


You could see 2 orc priests and 2 orcs.

Vanquished Creatures
  The ghost of Kellhus the Insei, an average TeCK of Xom (D:3)
  An ogre (D:4)
  Duvessa (D:4)
  Dowan (D:4)
  2 orc wizards (D:4)
  4 orc priests
  9 adders
  4 gnolls
  3 giant geckos
  An ooze (D:1)
  8 orcs
  3 ball pythons
  5 giant cockroaches
  5 goblins
  12 hobgoblins
  2 quokkas
  8 bats
  4 giant newts
  6 jackals
  5 kobolds
  10 rats
95 creatures vanquished.

Vanquished Creatures (others)
  A rat (D:2)
  3 toadstools
4 creatures vanquished.

Grand Total: 99 creatures vanquished

Notes
Turn   | Place    | Note
--------------------------------------------------------------
     0 | D:1      | vogonpoet, the Minotaur Wanderer, began the quest for the Orb.
     0 | D:1      | Reached XP level 1. HP: 15/15 MP: 1/1
   106 | D:1      | Reached skill level 5 in Armour
   172 | D:1      | Reached XP level 2. HP: 16/22 MP: 1/1
   657 | D:2      | Reached XP level 3. HP: 23/27 MP: 2/2
   874 | D:2      | Reached skill level 5 in Axes
   874 | D:2      | Reached XP level 4. HP: 25/34 MP: 2/2
   971 | D:2      | Noticed Terence
  1472 | D:3      | Noticed Kellhus' ghost (average TeCK)
  1492 | D:3      | Killed Kellhus' ghost
  1492 | D:3      | Reached skill level 7 in Axes
  1492 | D:3      | Reached XP level 5. HP: 9/39 MP: 2/2
  1881 | D:3      | Found a bloodstained altar of Trog.
  2245 | D:3      | Reached XP level 6. HP: 35/46 MP: 3/3
  2474 | D:4      | Noticed Duvessa
  2474 | D:4      | Noticed Dowan
  2500 | D:4      | Found a sparkling altar of Nemelex Xobeh.
  2582 | D:4      | Reached skill level 1 in Staves
  2661 | D:4      | Noticed a hippogriff
  2856 | D:4      | Killed Duvessa
  2868 | D:4      | HP: 1/46 [Dowan/elven dagger (4)]
  2871 | D:4      | Killed Dowan
  2900 | D:4      | Reached XP level 7. HP: 5/51 MP: 3/3
  3303 | D:4      | Reached skill level 5 in Staves
  3668 | D:4      | Killed from afar by an orc priest
